 Dungeon Crawl Stone Soup version 0.30-a0-743-gbfdf073431 (webtiles) character file.

Game seed: 16807660079780326488

12454 Newt the Thrower (level 11, -9/86 HPs)
             Began as a Demonspawn Gladiator on Feb 6, 2023.
             Was the Champion of Okawaru.
             Mangled by a wyvern (11 damage)
             ... on level 11 of the Dungeon.
             The game lasted 00:12:25 (13184 turns).

Newt the Thrower (Demonspawn Gladiator)            Turns: 13184, Time: 00:12:25

Health: -9/86      AC: 11    Str: 19    XL:     11   Next: 62%
Magic:  26/26      EV: 12    Int: 12    God:    Okawaru [******]
Gold:   652        SH:  6    Dex: 13    Spells: 10/10 levels left

rFire   . . .      SeeInvis .    Y - +0 war axe (vamp)
rCold   . . .      Faith    +    m - +1 buckler
rNeg    . . .      Spirit   .    v - +2 leather armour "Amuap" {rPois Int+3 Dex-2 Slay+3}
rPois   +          Reflect  .    c - +0 helmet
rElec   .          Harm     .    (no cloak)
rCorr   +          Rampage  .    (no gloves)
Will    .....                    P - +0 pair of boots
Stlth   ++                       y
                                   - Hermit's Pendant {Faith Invo=14 Evo=0 MP+5}
HPRegen 0.34/turn                g - +4 ring of slaying
MPRegen 0.40/turn                f - ring of resist corrosion

@: no status effects
A: thin metallic scales 2, ignite blood 2, magic regeneration, weakness stinger
1
a: Renounce Religion, Heroism, Finesse, Duel


You were on level 11 of the Dungeon.
You worshipped Okawaru.
Okawaru was exalted by your worship.
You visited 2 branches of the dungeon, and saw 12 of its levels.

You collected 652 gold pieces.

Inventory:

Hand Weapons
 a - a +0 rapier of draining
 h - the +1 whip "Soni" {venom, rC+ Str+2 Dex+4}
   (You found it on level 2 of the Dungeon)

   Str:       It affects your strength (+2).
   Dex:       It affects your dexterity (+4).
   rC:        It protects you from cold.
 n - a +1 sling of freezing
 M - a +1 heavy broad axe
 R - a +5 battleaxe
 T - a +5 flail
 Y - a +0 vampiric war axe (weapon)
Missiles
 d - 3 throwing nets
 e - 4 javelins
 w - 61 poisoned darts
 z - 3 boomerangs (quivered)
 F - 2 silver javelins
 L - 2 silver boomerangs
Armour
 b - a +0 leather armour
 c - a +0 helmet (worn)
 k - a +1 robe of positive energy
 m - a +1 buckler (worn)
 v - the +2 leather armour "Amuap" (worn) {rPois Int+3 Dex-2 Slay+3}
   (You found it on level 5 of the Dungeon)

   Int:       It affects your intelligence (+3).
   Dex:       It affects your dexterity (-2).
   Slay:      It affects your accuracy & damage with ranged weapons and melee
   (+3).
   rPois:     It protects you from poison.
 P - a +0 pair of boots (worn)
 Q - a +2 chain mail of poison resistance
 S - a +0 robe
Jewellery
 f - a ring of resist corrosion (right hand)
 g - a +4 ring of slaying (left hand)
 q - a ring of magical power
 y - the Hermit's Pendant (around neck) {Faith Invo=14 Evo=0 MP+5}
   (You took it off an orc priest on level 5 of the Dungeon)

   [amulet of faith]

   Invo=14: It sets your Invocations skill to 14.
   Evo=0: It sets your Evocations skill to 0.
   It allows you to gain divine favour quickly.
   MP:        It affects your magic capacity (+5).
 E - a ring of fire
 G - an amulet of guardian spirit
 V - a ring of magical power
 X - a ring of wizardry
Wands
 l - a wand of flame (85)
 o - a wand of light (6)
 u - a wand of mindburst (15)
 I - a wand of iceblast (19)
 J - a wand of polymorph (3)
 U - a wand of digging (2)
Scrolls
 j - a scroll of amnesia
 t - 7 scrolls of teleportation
 H - a scroll of poison
Potions
 i - 4 potions of curing
 p - 2 potions of cancellation
 r - 2 potions of heal wounds
 s - 3 potions of lignification
 x - 2 potions of resistance
 A - 2 potions of mutation
 B - 2 potions of ambrosia
 C - a potion of attraction
 D - a potion of invisibility {unknown}
 K - a potion of might {unknown}
 N - a potion of degeneration {unknown}
 O - a potion of brilliance {unknown}
 W - 2 potions of berserk rage {unknown}


   Skills:
 - Level 8.0 Fighting
 - Level 2.6 Short Blades
 + Level 5.5(6.1) Axes
 - Level 4.0(5.3) Maces & Flails
 - Level 12.0 Throwing
 - Level 6.0 Armour
 - Level 2.6 Dodging
 - Level 1.5 Stealth
 - Level 4.0 Shields


You had 10 spell levels left.
You didn't know any spells.
Your spell library contained the following spells:

 Spells                   Type           Power      Damage    Failure   Level
 Freeze                   Ice            0%         1d3       45%         1
 Kiss of Death            Conj/Necr      0%         2d5       45%         1
 Ensorcelled Hibernation  Hex/Ice        0%         N/A       58%         2
 Static Discharge         Conj/Air       0%         2-2/arc   58%         2
 Frozen Ramparts          Ice            0%         1d1       83%         3
 Hailstorm                Conj/Ice       0%         3d3       83%         3
 Ignite Poison            Fire/Tmut/Pois 0%         N/A       83%         3
 Spider Form              Tmut/Pois      0%         N/A       83%         3
 Vhi's Electric Charge    Tloc/Air       0%         N/A       83%         3
 Anguish                  Hex/Necr       0%         N/A       99%         4
 Ice Form                 Ice/Tmut       0%         N/A       99%         4
 Sticky Flame             Conj/Fire      0%         2d3       99%         4
 Arcjolt                  Conj/Air       0%         1d10      100%        5
 Lightning Bolt           Conj/Air       0%         1d11      100%        5
 Ignition                 Fire           0%         3d3       100%        8
 Simulacrum               Ice/Necr       Unusable   N/A       N/A         6

Dungeon Overview and Level Annotations

Branches:
Dungeon (11/15)            Temple (1/1) D:4
   Lair: D:8-11         Orc: D:9-12

Altars:
Cheibriados
Dithmenos
Fedhas
Hepliaklqana
Kikubaaqudgha
Makhleb
Nemelex Xobeh
Okawaru
Sif Muna
Trog
Uskayaw
Vehumet
Xom
Yredelemnul

Shops:
D:7 :

Annotations:
D:9 2 transporters, Nabski's ghost, novice TeFE


Innate Abilities, Weirdness & Mutations

You are mostly covered in thin metallic scales. (AC +3)
Your demonic aura often causes spilled blood to erupt in flames.
You regenerate magic rapidly.
You have a small tail.


Message History

You hit the troll.
You feel better.
Your tail-slap misses the troll.
The troll is moderately wounded.
You hit the troll.
You feel better. The troll barely misses you. You block the troll's attack.
The troll claws you.
The troll is engulfed in blazing flames.
The troll barely misses you. The troll claws you but does no damage.
The troll misses you.
You hit the troll.
You feel better.
The troll is severely wounded.
You hit the troll.
You feel better. The troll bites you but does no damage. The troll claws you.
You block the troll's attack.
The troll is engulfed in blazing flames.
The troll bites you!
The troll claws you but does no damage. x2
The wyvern bites you!
You slash the troll!
You feel better.
You kill the troll!
Okawaru accepts your kill. Okawaru grants you armour!
Something appears at your feet!
You see here the +2 chain mail "Put-Me-On" {Regen+}.
You barely miss the troll. You slash the wyvern! The troll bites you.
The troll claws you. The troll barely misses you.
You block the wyvern's attack. The troll bites you!
The troll barely misses you. x2; The wyvern bites you!
You slash the troll!
You feel better.
The troll is severely wounded.
You closely miss the wyvern. The wyvern bites you.
* * * LOW HITPOINT WARNING * * *
The troll is engulfed in blazing flames.
The troll bites you!
* * * LOW HITPOINT WARNING * * *
The troll barely misses you. The troll claws you.
* * * LOW HITPOINT WARNING * * *
Unknown command.
The troll attacks as you move away! The troll closely misses you.
The troll barely misses you. The troll claws you.
* * * LOW HITPOINT WARNING * * *
The wyvern is engulfed in a cloud of scalding steam.
The wyvern bites you!
You die...

.................#...............
##.................÷÷..(.....####
#...........................#
#..............†............#
#...........................#
≈≈≈≈≈≈≈≈≈≈≈≈≈≈.≈≈≈≈≈≈≈≈≈≈...#
≈≈≈≈≈≈≈≈#####≈.≈≈≈≈≈≈≈≈≈≈≈≈≈# ≈≈≈
#≈.≈#####≈≈≈≈≈≈≈ +..@○TT[#≈≈≈≈≈
#≈.l#°..# ≈≈≈ ≈≈≈≈≈○≈#####
≈≈≈≈≈≈.≈≈≈ ≈≈≈ ........... ...
............. .... .............
...... .............. ......####
..........


You could see 2 trolls and a wyvern.

Vanquished Creatures
  2 two-headed ogres (D:10)
  A cyclops (D:11)
  2 unseen horrors
  2 kobold demonologists (D:9)
  A freezing wraith (D:10)
  A troll (D:11)
  2 wyverns
  A vampire (D:10)
  A shadow (D:11)
  2 basilisks (D:11)
  23 yaks
  An unseen horror simulacrum (D:10)
  3 vampire mosquitoes (D:11)
  An acid dragon (D:11)
  4 water moccasins
  3 orc warriors
  An ice beast (D:10)
  2 black bears
  An ogre (D:4)
  3 centaurs
  3 kobold brigands
  5 bullfrogs
  A necrophage (D:7)
  2 scorpions
  21 wights
  10 killer bees
  3 howler monkeys (D:8)
  A vampire bat (D:5)
  A lava snake (D:10)
  2 orc priests
  6 hounds
  A jelly (D:5)
  Natasha (thrice) (D:3)
  5 iguanas
  11 orc wizards
  A mummy (D:3)
  7 adders
  3 white imps
  An ufetubus (D:10)
  2 dart slugs
  22 orcs
  11 ball pythons
  4 endoplasms
  6 goblins
  4 hobgoblins
  5 jackals
  25 kobolds
  3 quokkas
  15 bats
  4 frilled lizards
  13 rats
258 creatures vanquished.

Vanquished Creatures (others)
  3 fungi (D:11)
  8 plants
11 creatures vanquished.

Grand Total: 269 creatures vanquished

Notes
Turn   | Place    | Note
-------+----------+-------------------------------------------
     0 | D:1      | Newt the Demonspawn Gladiator began the quest for the Orb.
     0 | D:1      | Reached XP level 1. HP: 16/16 MP: 1/1
    92 | D:1      | Reached skill level 1 in Stealth
   107 | D:1      | Gained mutation: Your demonic aura sometimes causes spilled
                  | blood to erupt in flames. [demonic ancestry]
   107 | D:1      | Reached XP level 2. HP: 11/22 MP: 2/2
   987 | D:2      | Reached XP level 3. HP: 29/29 MP: 3/3
  1184 | D:2      | Identified the +1 whip "Soni" {venom, rC+ Str+2 Dex+4}
  1244 | D:2      | Reached XP level 4. HP: 25/37 MP: 4/4
  2062 | D:3      | Noticed Natasha
  2071 | D:3      | Killed Natasha
  2072 | D:3      | Reached skill level 1 in Maces & Flails
  2115 | D:3      | Noticed Natasha
  2120 | D:3      | Killed Natasha
  2196 | D:3      | Gained mutation: You regenerate magic rapidly. [demonic
                  | ancestry]
  2196 | D:3      | Reached XP level 5. HP: 37/42 MP: 5/5
  2227 | D:3      | Found a faded altar of an unknown god.
  2361 | D:3      | Noticed Natasha
  2627 | D:3      | Killed Natasha
  2756 | D:3      | Found a snail-covered altar of Cheibriados.
  3114 | D:4      | Noticed a black bear
  3121 | D:4      | Killed a black bear
  3122 | D:4      | Reached skill level 2 in Throwing
  3122 | D:4      | Reached XP level 6. HP: 19/48 MP: 6/6
  3586 | D:4      | Found a staircase to the Ecumenical Temple.
  3610 | D:4      | Reached skill level 3 in Throwing
  3612 | Temple   | Entered the Ecumenical Temple
  3880 | Temple   | Became a worshipper of Warmaster Okawaru
  4203 | D:5      | Entered Level 5 of the Dungeon
  4209 | D:5      | Reached skill level 4 in Throwing
  4213 | D:5      | Reached skill level 1 in Shields
  4213 | D:5      | Gained mutation: You have a small tail. [demonic ancestry]
  4213 | D:5      | Reached XP level 7. HP: 52/54 MP: 7/7
  4326 | D:5      | Identified the +2 leather armour "Amuap" {rPois Int+3 Dex-2
                  | Slay+3}
  4826 | D:5      | Reached * piety under Okawaru
  4827 | D:5      | Reached skill level 5 in Fighting
  5138 | D:5      | Reached XP level 8. HP: 62/62 MP: 8/8
  6608 | D:7      | Reached ** piety under Okawaru
  6626 | D:7      | Killed an unseen horror
  6627 | D:7      | Reached skill level 5 in Throwing
  6627 | D:7      | Gained mutation: Your demonic aura often causes spilled
                  | blood to erupt in flames. [demonic ancestry]
  6627 | D:7      | Reached XP level 9. HP: 26/74 MP: 19/19
  6911 | D:7      | Reached skill level 6 in Throwing
  7174 | D:7      | You fall into a shaft and drop 3 floors!
  7174 | D:10     | Entered Level 10 of the Dungeon
  7204 | D:10     | Reached skill level 7 in Throwing
  7211 | D:10     | Reached *** piety under Okawaru
  7212 | D:10     | Reached skill level 8 in Throwing
  7302 | D:10     | Noticed a two-headed ogre
  7309 | D:10     | Reached skill level 1 in Armour
  7311 | D:10     | Killed a two-headed ogre
  7311 | D:10     | Reached **** piety under Okawaru
  7374 | D:10     | Gained mutation: You are partially covered in thin metallic
                  | scales. (AC +2) [demonic ancestry]
  7374 | D:10     | Reached XP level 10. HP: 28/80 MP: 20/20
  7639 | D:10     | Reached skill level 5 in Armour
  8071 | D:9      | Reached ***** piety under Okawaru
  8085 | D:9      | Received a gift from Okawaru
  8101 | D:9      | Reached skill level 9 in Throwing
  8209 | D:9      | Found a transporter.
  8545 | D:9      | Received a gift from Okawaru
  8637 | D:9      | Noticed a moth of wrath
  8649 | D:9      | Noticed Nabski's ghost (novice TeFE)
  8758 | D:9      | Found a transporter.
  8760 | D:9      | Noticed a fire dragon
  8869 | D:8      | Reached skill level 10 in Throwing
  9015 | D:8      | Found an ancient bone altar of Kikubaaqudgha.
  9028 | D:8      | Got Kikubaaqudgha's Compendium of Dark Arts
  9059 | D:8      | Found a shimmering blue altar of Sif Muna.
  9068 | D:8      | Found a radiant altar of Vehumet.
  9969 | D:7      | Reached skill level 11 in Throwing
 10008 | D:7      | Received a gift from Okawaru
 10009 | D:7      | Gained mutation: You are mostly covered in thin metallic
                  | scales. (AC +3) [demonic ancestry]
 10009 | D:7      | Reached XP level 11. HP: 76/86 MP: 21/21
 10102 | D:7      | Found Doerosec's Book Shoppe.
 10736 | D:10     | Noticed a two-headed ogre
 10741 | D:10     | Killed a two-headed ogre
 12267 | D:11     | Found a shadowy altar of Dithmenos.
 12277 | D:11     | Reached skill level 12 in Throwing
 12324 | D:11     | Reached skill level 1 in Axes
 12984 | D:11     | Reached ****** piety under Okawaru
 13101 | D:11     | Reached skill level 5 in Axes
 13182 | D:11     | Identified the +2 chain mail "Put-Me-On" {Regen+} (Okawaru
                  | gifted it to you on level 11 of the Dungeon)
 13182 | D:11     | Received a gift from Okawaru
 13184 | D:11     | HP: 2/86 [troll (6)]
 13184 | D:11     | Mangled by a wyvern

Illustrated notes

Levels and vault maps discovered:
D:1:      psy_arrival_spokes, layout_basic, minmay_rat_gold_closets
D:2:      layout_basic, serial_forest, infiniplex_forest_straight_4,
          infiniplex_forest_clump_small, infiniplex_forest_lined_1,
          infiniplex_forest_end_2, infiniplex_forest_clump_curved,
          infiniplex_forest_end_2, infiniplex_forest_lined_3,
          infiniplex_forest_straight_4, kennysheep_doodads,
          kennysheep_minor_cross, st_stairs_3, serial_bayou_ford_a
D:3:      minmay_skewed_foursquare, layout_basic,
          nicolae_overflow_hidden_temple, slow_altar_2,
          shapermc_ecumenical_altar_hornbeckon, uniq_natasha
D:4:      layout_basic, minmay_temple_entry_sparse_star,
          corexii_item_surrounded_by_moat
D:5:      layout_cave_pools, roderic_batcave
D:6:      layout_basic, elyvilon_altar_5, serial_co_window_serial,
          co_window_cross_1, co_window_paths_a, co_window_paths_a,
          co_window_of_opportunity_a, co_window_of_opportunity_a,
          co_window_cross_3, co_window_corner_b, co_window_corner_ca,
          glass_columns_b, glass_columns_b, glass_columns_a, glass_columns_a,
          chequers_serial_rivers_micro_b
D:7:      layout_layer_cave, serial_shops, shop
D:8:      layout_basic, palyth_temple_overflow_mages
D:9:      layout_long_grid, serial_glass, glass_columns_a, glass_columns_a,
          gammafunk_ghost_berserking_beasts, nicolae_elevator_lobby_asterisk
D:10:     layout_loops_corners, serial_ice, serial_ice_n, serial_ice_f,
          serial_ice_a, serial_ice_e, minmay_misc_feat_square,
          hangedman_decor_diamond_cutter, kennysheep_island_fort
D:11:     lemuel_troll_bridge, layout_gridville, minmay_lair_entry_grove,
          nicolae_dithmenos_shadow_blocks
Temple:   nicolae_temple_slightly_damp_pantheon

Skill      XL: |  1  2  3  4  5  6  7  8  9 10 11 |
---------------+----------------------------------+-----
Stealth        | 1 |  1.5
Fighting       | 3 4 5 8 |  8.0
Maces & Flails | 2 4 |  4.0
Throwing       | 2 4 5 8 11 12 | 12.0
Shields        | 1 4 |  4.0
Armour         | 4 6 |  6.0
Axes           | 5 |  5.5
Short Blades   | |  2.6
Dodging        | |  2.6

Action                     |  1- 3 |  4- 6 |  7- 9 | 10-12 || total
---------------------------+-------+-------+-------+-------++-------
  Melee: Rapier            |   125 |       |       |       ||   125
         Punch             |     1 |       |       |       ||     1
         Whip              |     5 |   104 |   171 |    47 ||   327
         Tailslap          |       |       |    25 |    35 ||    60
         Battleaxe         |       |       |       |    59 ||    59
         Broad axe         |       |       |       |    22 ||    22
         War axe           |       |       |       |    73 ||    73
  Throw: Javelin           |     1 |     1 |     3 |     7 ||    12
         Throwing net      |       |     2 |     1 |     1 ||     4
         Boomerang         |       |       |       |    14 ||    14
 Invoke: Heroism           |       |       |     1 |       ||     1
    Use: Scroll            |     3 |     3 |     7 |     8 ||    21
         Potion            |       |       |       |     1 ||     1
   Stab: Sleeping          |     4 |     2 |     2 |       ||     8
 Armour: Leather armour    |    45 |    25 |    61 |   120 ||   251
  Dodge: Dodged            |   120 |    61 |   111 |   166 ||   458
  Block: Buckler           |       |     5 |    56 |    59 ||   120

Table legend: (Time is in decaauts)
 A = Elapsed time spent in this place.
 B = Non-inter-level travel time spent in this place.
 C = Inter-level travel time spent in this place.
 D = Time resting spent in this place.
 E = Time spent auto-exploring this place.
 F = Levels seen in this place.
 G = Mean time per level.
                   A        B        C        D        E       F      G
               +--------+--------+--------+--------+--------+-----+--------+
         Total |  13307 |  12825 |    482 |   2970 |   8110 |  12 | 1108.9 |
       Dungeon |  13019 |  12564 |    455 |   2970 |   7863 |  11 | 1183.5 |
        Temple |    287 |    260 |     27 |      0 |    247 |   1 |  287.0 |
               +--------+--------+--------+--------+--------+-----+--------+

Top non-repeatable levels by time:
    D:10: 2552 daAuts
     D:7: 2018 daAuts
     D:5: 1121 daAuts
     D:3: 1080 daAuts
     D:2: 1033 daAuts
     D:8: 989 daAuts
     D:1: 926 daAuts
     D:9: 926 daAuts
     D:4: 907 daAuts
    D:11: 744 daAuts
     D:6: 720 daAuts
  Temple: 287 daAuts
